 Dungeon Crawl Stone Soup version bcrawl-1.38b (webtiles) character file.

Game seed: 15729768054256212098

149836 Mrkan the Skirmisher (level 4, 0/29 HPs)
             Began as a Gargoyle Fighter on Mar 23, 2023.
             Slain by Purgy (1 damage)
             ... on level 3 of the Dungeon.
             The game lasted 00:04:20 (1788 turns).

Mrkan the Skirmisher (Gargoyle Fighter)             Turns: 1788, Time: 00:04:20

Health: 0/29       AC: 10    Str: 26    XL:     4   Next: 87%
Magic:  4/4        EV:  6    Int:  8    God:
Gold:   154        SH: 10    Dex:  9    Spells: 3/3 levels left

rFire    . . .     GDR:     34% a - +0 flail
rCold    . . .     SeeInvis .   c - +0 medium shield
rNeg     + . .     Gourm    .   b - +0 scale mail
rPois    ∞         Faith    .   (no helmet)
rElec    +         Spirit   .   (no cloak)
rCorr    .         Reflect  .   (no gloves)
MR       .....                  (no boots)
Stlth    ..........             (no amulet)
HPRegen  0.14/turn              (no ring)
MPRegen  0.09/turn              (no ring)

@: mighty
A: negative energy resistance 1, electricity resistance, partial torment
resistance, unbreathing, petrification resistance, rot immunity, AC +3
a: no special abilities


You were on level 3 of the Dungeon.
You were very hungry.

You visited 1 branch of the dungeon, and saw 3 of its levels.
You also visited: Sewer.

You collected 154 gold pieces.

Inventory:

Hand Weapons
 a - a +0 flail (weapon)
 q - a +0 whip of draining
Armour
 b - a +0 scale mail (worn)
 c - a +0 medium shield (worn)
 r - a +0 pair of gloves
Jewellery
 h - a +6 amulet of reflection {unknown}
 m - a +8 ring of intelligence {unknown}
Scrolls
 g - 2 scrolls of remove curse {unknown}
 i - 7 scrolls of identify
 l - 2 scrolls of amnesia {unknown}
 n - 3 scrolls of magic mapping {unknown}
 o - a scroll of immolation {unknown}
 s - a scroll of enchant weapon {unknown}
 t - a scroll of enchant armour {unknown}
 u - 2 scrolls of teleportation {unknown}
Potions
 d - 3 potions of might
 f - a potion of flight {unknown}
 j - a potion of heal wounds {unknown}
 k - 2 potions of magic
 p - a potion of curing {unknown}
Comestibles
 e - 5 rations {!d}


   Skills:
 + Level 4.1 Fighting
 * Level 3.7 Maces & Flails
 - Level 3.2 Armour
 + Level 4.0 Shields


You had 3 spell levels left.
You didn't know any spells.
Your spell library was empty.

Dungeon Overview and Level Annotations

Branches:
Dungeon (3/12)

Altars:

Annotations:
D:3 Purgy


Innate Abilities, Weirdness & Mutations

You are resistant to torment.
Your stone body is resilient. (AC +3)
You are immune to poison.
You resist negative energy. (rN+)
You are resistant to electric shocks. (rElec)
You are less affected by unholy pain and torment.
You can survive without breathing.
You are immune to petrification.
You are immune to rotting.


Message History

Purgy bites you. Purgy claws you but does no damage. x2
You closely miss Purgy.
Purgy is moderately wounded.
You block Purgy's attack. Purgy claws you but does no damage.
You block Purgy's attack. Purgy bites you.
* * * LOW HITPOINT WARNING * * *
Purgy claws you but does no damage. x2
You closely miss Purgy.
Purgy is moderately wounded.
Purgy bites you.
* * * LOW HITPOINT WARNING * * *
You block Purgy's attack. Purgy claws you but does no damage.
You closely miss Purgy.
Purgy is moderately wounded.
Purgy bites you.
* * * LOW HITPOINT WARNING * * *
Purgy claws you but does no damage. x2
It was a potion of magic.
Magic courses through your body. Purgy barely misses you. Purgy claws you.
You die...

#......#
#...###T########
#... #....[...#
#... #o.#####.#
#... #s.# #.#
#...###..# #.#
...##..# #.#
###########s##..#
#<#
........@Tho....#
###
##...#######.#+##
#. ..... #.......
#.......#
###...### ##..#
..#


You could see Purgy, an orc, a jackal and a giant cockroach.

Vanquished Creatures
  A crimson imp (D:2)
  An adder (D:3)
  2 oozes
  A worm (D:3)
  A dart slug (D:1)
  3 leopard geckos
  5 orcs (D:3)
  A giant cockroach (D:3)
  A goblin (D:1)
  4 hobgoblins
  5 jackals
  2 quokkas (D:3)
  3 ball pythons
  3 bats (D:1)
  5 frilled lizards
  2 kobolds (D:1)
  5 rats
45 creatures vanquished.

Notes
Turn   | Place    | Note
-------+----------+-------------------------------------------
     0 | D:1      | Mrkan the Gargoyle Fighter began the quest for the Orb.
     0 | D:1      | Reached XP level 1. HP: 14/14 MP: 1/1
   165 | D:1      | Reached XP level 2. HP: 19/19 MP: 2/2
   743 | D:2      | Reached XP level 3. HP: 19/23 MP: 3/3
   934 | D:2      | Reached XP level 4. HP: 21/29 MP: 4/4
  1517 | D:3      | Found a glowing drain.
  1527 | Sewer    | Entered a sewer
  1628 | Sewer    | Noticed Purgy
  1787 | D:3      | HP: 1/29 [Purgy (2)]
  1788 | D:3      | Slain by Purgy

Skill      XL: |  1  2  3  4 |
---------------+-------------+-----
Maces & Flails | 3 |  3.7
Fighting       | 4 |  4.1
Shields        | 4 |  4.0
Armour         | |  3.2

Action                   |  1- 3 |  4- 6 || total
-------------------------+-------+-------++-------
Melee: Flail             |   104 |    94 ||   198
  Use: Potion            |       |     2 ||     2
  Eat: Chunk             |     3 |     5 ||     8
Armor: Scale mail        |    58 |   120 ||   178
Dodge: Dodged            |    17 |    33 ||    50
Block: Medium shield     |    60 |    82 ||   142
